← All builds
Tech / Armada / Economy first / OBSERVED BUILD

Sharpshooter snipers

Armada Tech (Eco) build order · Supreme Isthmus

Standard T2 rush into an early Sharpshooter-led sniper bot push around 8:10-8:38, pairing T2 constructor support for Geo with sniper bots fighting at the middle rather than just economy scaling.

Usually first T2 con to Geo (81%)

#t2 #raid · 98 distinct matches · 50 players · 3% of Armada Tech games · team won 26% of 99 · Recently observed

THE CATCH, AND WHAT COMES WITH IT
  • SharpshooterT2 bot snipers from 8:10 · 6% of role by thenFrom the Advanced Bot Lab. Only 6% of Tech games have it by then; others who build it get it around 9:04

Where those units first fight, in 97 games with kill data: in the middle 55%, on their own side 45%.

Those units destroy a typical 1,385 metal of enemy units by 15:00.

Then transitions into anti-nuke (13% of army).

HOW TO PLAY IT

Key timing: Sharpshooter out by 9:04

  1. Open standard T2 rush with Bot Lab first.
  2. Finish Advanced Bot Lab on the normal T2 timing.
  3. Upgrade mex as usual while eco scales.
  4. Push Sharpshooter snipers from Advanced Bot Lab to fight forward in middle.
  5. Keep producing T2 cons and anti-nuke for the team.

Phase by phase

TYPICAL OF ITS 98 GAMES · AGAINST STANDARD TECH
  1. 1
  2. 2
  3. 3
  4. 4
  5. 5
PLAY THE OPENING

Follow the example game's first 9:10 step by step: what to build now, what comes next, and where it goes. At 1× it keeps pace with your own game.

  1. 1

    Up to the Bot Lab

    Economy
    • Metal Extractor3Mex
    • Wind Turbine4Wind
    Order
    1. Bot LabBot Lab after 3 mex, 4 winddone ~1:17, middle half 1:13–1:38

    Some games also: energy storage (37%)

    By 1:00 in all: 3 mex · 4 wind

    The example game in this phase · 3 steps
    1. Mex ×3
    2. Wind ×4
    3. Bot LabBot Labdone 1:15 · typical 1:17
  2. 2

    Bot Lab to Advanced Bot Lab

    Economy
    • Metal Extractor1Mex
    • Wind Turbine9Wind
    • Energy Storage1Energy storage
    Order
    1. Advanced Bot LabAdvanced Bot Lab after 4 mex, 13 wind, 3 con turretdone ~4:18, middle half 4:08–4:33
    Builders
    • Construction Turret3 Con turret
    • Lazarus3 Lazarus
    • Construction Bot2 Con bot
    • Construction Bot1 Con bot for allies

    Some games also: converter (42%)

    By 3:22 in all: 4 mex · 13 wind · 1 energy storage · 3 con turret

    The example game in this phase · 19 steps
    1. LazarusLazarus
    2. Wind
    3. Construction BotCon bot
    4. Wind
    5. LazarusLazarus
    6. Construction BotCon bot
    7. Wind
    8. LazarusLazarus
    9. Mex
    10. Con turret
    11. Energy storage ×2
    12. Construction BotCon botfor Air
    13. Bot LabEat Bot Labreclaimed for its metal
    14. Con turret
    15. Wind
    16. Energy storage
    17. Wind ×5
    18. Converter
    19. Advanced Bot LabAdvanced Bot Labdone 4:55 · typical 4:18
  3. 3

    Advanced Bot Lab to 5:00

    Economy
    • Wind Turbine1Wind−2 vs standard
    Order
    1. Bot LabEat Bot Lab
    Builders
    • Advanced Construction Bot1 T2 con bot for allies

    Some games also: converter (43%)

    By 5:00 in all: 4 mex · 15 wind · 2 converter · 1 energy storage · 3 con turret

    The example game in this phase · 3 steps
    1. Converter
    2. Energy storage
    3. Advanced Construction BotT2 con botfor Beach sea
  4. 4

    5:00 to T2 bot snipers

    Economy
    • Wind Turbine16Wind+5 vs standard
    • Energy Converter1Converter
    Order
    1. SharpshooterT2 bot snipers after 4 mex, 31 wind, 5 converterdone ~8:38, middle half 7:40–9:45
    Builders
    • Butler4 Butler
    • Advanced Construction Bot3 T2 con bot for allies

    Some games also: T2 con bot (35%)

    By 8:10 in all: 4 mex · 31 wind · 5 converter (standard 3) · 1 energy storage · 3 con turret

    The example game in this phase · 14 steps
    1. Advanced Metal ExtractorT2 mexdone 5:39 · typical 5:17
    2. Advanced Construction BotT2 con botfor Pond
    3. ButlerButler
    4. Advanced Metal ExtractorT2 mex
    5. ButlerButler
    6. Advanced Construction BotT2 con botfor Air
    7. ButlerButler
    8. Advanced Metal ExtractorT2 mex
    9. Advanced Construction BotT2 con botfor Geo sea
    10. ButlerButler
    11. Advanced Metal ExtractorT2 mex
    12. ButlerButler ×2
    13. Wind
    14. SharpshooterSniper botdone 8:50 · typical 8:38
  5. 5

    T2 bot snipers to 10:00

    Economy
    • Wind Turbine19Wind−11 vs standard
    Army
    • Sharpshooter1 Sniper bot

    Some games also: converter (47%) · Butler (45%) · T2 con bot for allies (42%)

    The standard build makes here, this one skips: 4 converter · 5 Butler

    By 10:00 in all: 4 mex · 54 wind · 7 converter · 1 energy storage · 3 con turret

    The example game in this phase · 88 steps
    1. Wind ×4
    2. Advanced Construction BotT2 con botfor Beach sea
    3. Wind ×8
    4. SharpshooterSniper bot
    5. Wind ×24
    6. ButlerButler
    7. Wind ×3
    8. ButlerButler
    9. Wind ×3
    10. Advanced Construction BotT2 con bot
    11. Wind ×7
    12. ButlerButler
    13. Wind ×4
    14. Energy storage
    15. Advanced Construction BotT2 con bot
    16. Wind ×16
    17. Advanced Construction BotT2 con bot
    18. Wind ×4
    19. Con turret
    20. Wind ×4
    21. ButlerButler
    22. Wind ×4
    23. ButlerButler
    24. Wind
    25. CitadelAnti-nukenot finished by 15:00
    26. Wind
    27. ButlerButler
    28. Wind ×5
    29. Energy storage
    30. Converter
    31. Wind ×6
    32. RattlesnakeRattlesnakedone 14:31
    33. Wind ×2
    34. Converter
    35. Wind ×6
    36. ButlerButler
    37. Wind
    38. Converter
    39. Wind ×5
    40. ButlerButler
    41. Converter
    42. Wind ×5
    43. Converter
    44. Wind ×3
    45. Converter
    46. Wind ×5
    47. Converter
    48. Wind ×3
    49. Hardened Metal Storage
    50. Wind ×2
    51. Converter
    52. Wind ×3
    53. ButlerButler
    54. Wind ×3
    55. Converter
    56. Wind ×5
    57. Converter
    58. Wind ×6
    59. Converter
    60. Wind ×4
    61. Converter
    62. Wind ×2
    63. Converter
    64. Wind ×5
    65. Converter
    66. Wind ×2
    67. ButlerButler
    68. Wind ×3
    69. Converter ×2
    70. Wind ×3
    71. Converter
    72. Wind ×6
    73. Converter
    74. Wind ×3
    75. Converter
    76. Wind ×2
    77. Converter
    78. Wind ×4
    79. Converter
    80. Wind ×5
    81. Converter
    82. Wind ×6
    83. Converter ×2
    84. Wind ×4
    85. Converter
    86. Wind ×3
    87. Converter ×2
    88. Wind

Counts are medians over the build's games: half of them build more, half fewer. The example game is annie_may_tydease's (31 OS, 02/10/2026); pick another.

Team trades

IN AT LEAST 30% OF ITS GAMES

You hand over

  • Construction Bot1 Con bot to Airfirst at 2:24 · in 89% of games
  • Advanced Construction Bot5 T2 con bot to Geo sea or Air or Pondfirst at 4:59 · in 100% of games
  • Butler2 Butler to Geo sea or Beach seafirst at 10:30 · in 36% of games

You get

  • Hercules2 Light transport from Airfirst at 4:05 · in 88% of games

How it plays out

Typical game of this build against the role’s standard build, running totals by minute

  • This build
  • Standard tech

Metal produced

020k40k
0:005:0010:0015:00

metal

Enemy metal destroyed

01k2k3k
0:005:0010:0015:00

metal

Own metal lost

05001k
0:005:0010:0015:00

metal

99 games.

Show as table
ByMetal produced: This buildMetal produced: Standard techEnemy metal destroyed: This buildEnemy metal destroyed: Standard techOwn metal lost: This buildOwn metal lost: Standard tech
1:003833830000
2:009139150000
3:00160316520000
4:00309831440000
5:00486948480000
6:00595358020000
7:00751272320000
8:00930490640000
9:0011440111770000
10:001379313513183000
11:0016225162426500740
12:001895519656101401300
13:002217423426153803210
14:0026192272861801068074
15:0029993315032494110832130
WHAT THE NUMBERS SAY

Won far less often than the standard build, losing a lot more metal for only a modest gain in enemy metal destroyed.

  • + Enemy metal destroyed by 15:00 well above standard (2598 vs 262).
  • − Team win rate collapses to 21% vs standard's 53%.
  • − Own metal lost by 15:00 far exceeds standard (1360 vs 196).
THE EXAMPLE YOU ARE READING

annie_may_tydease

31.0 OS · 02/10/2026

Open source match ↗

1 received units
3227 metal received · 85181 energy received

Allied construction assistance is unknown. Timings are observations, not a promise of solo reproducibility.

Typical milestones

Bot Lab1:17Middle 50%: 1:13–1:38 · n=99
Advanced Bot Lab4:18Middle 50%: 4:08–4:33 · n=99
Advanced Metal Extractor5:17Middle 50%: 4:57–5:42 · n=99
Sharpshooter8:38Middle 50%: 7:40–9:45 · n=99

Played most by

Amrissa15games of this buildDRM6games of this buildTheGeneraI5games of this buildenderOS14games of this buildKontraption4games of this build